 Dungeon Crawl Stone Soup version 0.30-a0-852-g08b95dd62f (webtiles) character file.

Game seed: 8414356161801778117

13578 greenreed the Eclecticist (level 11, -9/47 HPs)
             Began as a Spriggan Air Elementalist on Mar 4, 2023.
             Was a High Priest of Vehumet.
             Mangled by a vampire mosquito (11 damage)
             ... on level 12 of the Dungeon.
             The game lasted 00:35:57 (14445 turns).

greenreed the Eclecticist (SpAE)                   Turns: 14445, Time: 00:35:57

Health: -9/47      AC:  5    Str:  4    XL:     11   Next: 77%
Magic:  15/31      EV: 24    Int: 30    God:    Vehumet [*****.]
Gold:   856        SH:  0    Dex: 20    Spells: 16/41 levels left

rFire   + . .      SeeInvis +    q - +9 hammer "Buuser" {freeze, rF+ rC+ rN+ Int+3}
rCold   + . .      Faith    .    (no shield)
rNeg    + . .      Spirit   .    L - +0 steam dragon scales
rPois   +          Reflect  .    (helmet restricted)
rElec   .          Rampage  .    s - scarf {repulsion}
rCorr   .                        (gloves unavailable)
Will    +....                    (boots unavailable)
Stlth   +++                      (no amulet)
HPRegen 0.27/turn                C - ring of Fatigue {rPois EV+5 Dex+4}
MPRegen 0.22/turn                I - +6 ring of intelligence

@: repel missiles, very quick
A: very small, no large weapons, unfitting armour, see invisible, speed 3
a: Renounce Religion


You were on level 12 of the Dungeon.
You worshipped Vehumet.
Vehumet was extremely pleased with you.
You visited 1 branch of the dungeon, and saw 12 of its levels.
You also visited: Sewer.

You collected 892 gold pieces.
You spent 36 gold pieces at shops.

Inventory:

Hand Weapons
 a - the +9 lance "Wyrmbane" {slay drac, rPois rF+ rC+ AC+3}
   (You took it off Maggie on level 8 of the Dungeon)

   AC:        It affects your AC (+3).
   rF:        It protects you from fire.
   rC:        It protects you from cold.
   rPois:     It protects you from poison.
 p - a +2 whip of holy wrath
 q - the +9 hammer "Buuser" (weapon) {freeze, rF+ rC+ rN+ Int+3}
   (You found it on level 2 of the Dungeon)

   Int:       It affects your intelligence (+3).
   rF:        It protects you from fire.
   rC:        It protects you from cold.
   rN:        It protects you from negative energy.
Armour
 s - a scarf of repulsion (worn)
 L - +0 steam dragon scales (worn)
 M - +0 acid dragon scales
 P - a scarf of invisibility
 S - a +0 robe of willpower
Jewellery
 u - a ring of resist corrosion
 C - the ring of Fatigue (left hand) {rPois EV+5 Dex+4}
   (You found it on level 5 of the Dungeon)

   [ring of evasion]

   EV:        It affects your evasion (+5).
   Dex:       It affects your dexterity (+4).
   rPois:     It protects you from poison.
 I - a +6 ring of intelligence (right hand)
 N - a ring of protection from fire
Wands
 r - a wand of flame (41)
 E - a wand of paralysis (19)
 G - a wand of quicksilver (10)
Scrolls
 d - 8 scrolls of enchant armour
 e - 6 scrolls of vulnerability
 i - a scroll of silence
 j - 2 scrolls of enchant weapon
 l - 8 scrolls of teleportation
 n - 3 scrolls of poison
 o - a scroll of torment {unknown}
 t - 2 scrolls of amnesia
 w - a scroll of immolation
 y - a scroll of butterflies
 A - 3 scrolls of fog
 B - 2 scrolls of fear {unknown}
 F - a scroll of brand weapon
 J - 2 scrolls of magic mapping
 O - a scroll of noise
 R - a scroll of blinking {unknown}
Potions
 b - 2 potions of magic
 c - 2 potions of berserk rage {unknown}
 f - a potion of flight {unknown}
 g - 3 potions of degeneration {unknown}
 h - a potion of might {unknown}
 k - 9 potions of curing {unknown}
 m - 7 potions of heal wounds {unknown}
 v - a potion of haste {unknown}
 x - 4 potions of invisibility {unknown}
 z - 4 potions of attraction {unknown}
 D - 3 potions of mutation {unknown}
 H - a potion of brilliance {unknown}
 K - a potion of lignification {unknown}
Miscellaneous
 T - a box of beasts


   Skills:
 + Level 0.2 Fighting
 + Level 3.6 Dodging
 - Level 3.1 Stealth
 * Level 15.7 Spellcasting
 + Level 4.7 Conjurations
 * Level 11.5 Air Magic


You had 16 spell levels left.
You knew the following spells:

 Your Spells              Type           Power      Damage    Failure   Level
a - Shock                 Conj/Air       100%       1d9       1%          1
b - Airstrike             Air            37%        2d(6-22)  1%          4
c - Kindle Blastsparks    Fire/Tloc/Air  92%        2d17      1%          3
d - Flame Wave            Conj/Fire      37%        2d10      2%          4
e - Yara's Violent Unrav  Hex/Tmut       11%        3d6       14%         5
f - Swiftness             Air            75%        N/A       1%          3
g - Irradiate             Conj/Tmut      18%        3d17      5%          5

Your spell library contained the following spells:

 Spells                   Type           Power      Damage    Failure   Level
 Starburst                Conj/Fire      18%        6d7       28%         6
 Apportation              Tloc           46%        N/A       1%          1
 Necrotise                Necr           92%        1d8       1%          1
 Summon Small Mammal      Summ           92%        N/A       1%          1
 Momentum Strike          Conj/Tloc      74%        3d10      1%          2
 Static Discharge         Conj/Air       100%       2-7/arc   1%          2
 Blink                    Tloc           46%        N/A       3%          2
 Lesser Beckoning         Tloc           46%        N/A       3%          2
 Sublimation of Blood     Necr           23%        N/A       3%          2
 Call Canine Familiar     Summ           23%        N/A       6%          3
 Summon Guardian Golem    Hex/Summ       23%        N/A       6%          3
 Petrify                  Tmut/Erth      23%        N/A       19%         4
 Summon Ice Beast         Ice/Summ       23%        N/A       19%         4
 Summon Forest            Summ/Tloc      11%        N/A       47%         5
 Summon Mana Viper        Hex/Summ       23%        N/A       47%         5
 Summon Cactus Giant      Summ           11%        N/A       96%         6
 Monstrous Menagerie      Summ           11%        N/A       100%        7


Dungeon Overview and Level Annotations

Branches:
Dungeon (12/15)            Temple (0/1) D:6            Lair (0/5) D:11
    Orc (0/2) D:9           Sewer (visited)

Altars:
Ashenzari
Cheibriados
Fedhas
Gozag
Makhleb
Nemelex Xobeh
Okawaru
Ru
Sif Muna
Uskayaw
Vehumet
Wu Jian
Zin

Shops:
D:8 ?   D:9 ([


Innate Abilities, Weirdness & Mutations

You are very small and have problems with some larger weapons.
You are too small for most types of armour.
You have supernaturally acute eyesight. (SInv)
You cover ground extremely quickly. (Speed+++)


Message History

You kill the basilisk!
Vehumet accepts your kill.
You feel your power returning.
Your limbs are stiffening.
The vampire mosquito attacks as you move away!
The vampire mosquito barely misses you.
The vampire mosquito closely misses you.
You have turned to stone.
The vampire mosquito bites you.
The vampire mosquito bites you but does no damage.
The vampire mosquito bites you! The vampire mosquito bites you.
The vampire mosquito completely misses you.
The vampire mosquito bites you but does no damage.
The vampire mosquito bites you! The vampire mosquito bites you.
The vampire mosquito barely misses you.
The vampire mosquito completely misses you.
The vampire mosquito bites you. The vampire mosquito bites you!
The vampire mosquito bites you but does no damage.
The vampire mosquito bites you! The vampire mosquito bites you!
The vampire mosquito bites you but does no damage.
The vampire mosquito bites you. x2
The vampire mosquito bites you!
* * * LOW HITPOINT WARNING * * *
The vampire mosquito bites you.
* * * LOW HITPOINT WARNING * * *
The vampire mosquito bites you. The vampire mosquito bites you.
* * * LOW HITPOINT WARNING * * *
The vampire mosquito bites you.
* * * LOW HITPOINT WARNING * * *
The vampire mosquito bites you.
* * * LOW HITPOINT WARNING * * *
The vampire mosquito bites you.
* * * LOW HITPOINT WARNING * * *
You turn to flesh and can move again.
Okay, then.
The vampire mosquito bites you!
You die...

.....# ..... #............#
.....###.............##
......................##
..[....................##
........................##
#......................##
#......y................#
###......y@...÷###.........
........###....# #.........
........# #....###.........
........###.÷..............
.†.[.....................<.
...........................
...........................
...........................
...........................


You could see 2 vampire mosquitoes.

Vanquished Creatures
  Josephine (D:11)
  A two-headed ogre (D:9)
  Urug (D:11)
  Pikel (D:7)
  An ugly thing (D:12)
  2 cyclopes
  Maggie (D:8)
  A gargoyle (D:10)
  A kobold demonologist (D:9)
  A komodo dragon (D:10)
  5 trolls
  Prince Ribbit (D:7)
  2 hornets (D:10)
  A vampire (D:9)
  2 shadows
  5 wraiths
  6 yaks
  A wyvern (D:9)
  Eustachio (D:4)
  A basilisk (D:12)
  A steam dragon (D:8)
  A vampire mosquito (D:12)
  2 water moccasins
  The ghost of Darius099 the Ruffian, an amateur TrMo (D:3)
  4 orc warriors
  A sky beast (D:6)
  An ogre (D:4)
  4 centaurs
  A phantom (D:6)
  5 kobold brigands
  4 bullfrogs
  3 gnoll sergeants
  2 scorpions (D:5)
  15 wights
  3 electric eels (D:10)
  4 howler monkeys
  A crimson imp (D:5)
  A quasit (D:7)
  3 jellies
  3 hounds
  Crazy Yiuf (D:2)
  2 gnoll boudas
  8 orc priests
  An iron imp (D:10)
  A sleepcap (D:7)
  4 iguanas
  6 orc wizards
  28 gnolls
  6 river rats
  12 adders
  4 shadow imps (D:7)
  5 white imps
  2 ufetubi
  3 worms
  5 dart slugs
  30 orcs
  10 endoplasms
  2 giant cockroaches
  7 goblins
  6 hobgoblins
  8 jackals
  5 quokkas
  11 ball pythons
  7 bats
  2 frilled lizards
  21 kobolds
  5 rats
298 creatures vanquished.

Vanquished Creatures (others)
  An orc wizard (D:7)
  4 demonic plants (D:7)
  A fungus (D:2)
  10 plants (D:10)
16 creatures vanquished.

Grand Total: 314 creatures vanquished

Notes
Turn   | Place    | Note
-------+----------+-------------------------------------------
     0 | D:1      | greenreed the Spriggan Air Elementalist began the quest for
                  | the Orb.
     0 | D:1      | Reached XP level 1. HP: 9/9 MP: 5/5
   292 | D:1      | Reached skill level 3 in Spellcasting
   332 | D:1      | Reached XP level 2. HP: 13/13 MP: 2/7
   794 | D:1      | Reached skill level 1 in Conjurations
   794 | D:1      | Reached XP level 3. HP: 16/16 MP: 6/8
  1275 | D:1      | Found a faded altar of an unknown god.
  1774 | D:1      | Reached skill level 4 in Spellcasting
  1774 | D:1      | Reached XP level 4. HP: 19/21 MP: 2/11
  2407 | D:2      | Identified the +9 hammer "Buuser" {freeze, rF+ rC+ rN+
                  | Int+3}
  2420 | D:2      | Found a runed translucent door.
  2421 | D:2      | Noticed Crazy Yiuf
  2453 | D:2      | Killed Crazy Yiuf
  2685 | D:2      | Reached XP level 5. HP: 24/24 MP: 7/13
  2819 | D:3      | Found a radiant altar of Vehumet.
  2830 | D:3      | Became a worshipper of Vehumet
  2947 | D:3      | Found a runed translucent gate.
  2947 | D:3      | Found a runed translucent gate.
  2947 | D:3      | Found a runed translucent gate.
  2948 | D:3      | Found an opulent altar of Gozag.
  2949 | D:3      | Noticed Darius099's ghost (amateur TrMo)
  3216 | D:3      | Found a shimmering blue altar of Sif Muna.
  3218 | D:3      | Found a broken altar of Ashenzari.
  3336 | D:3      | Reached skill level 5 in Spellcasting
  3982 | D:3      | Killed Darius099's ghost
  3983 | D:3      | Reached XP level 6. HP: 28/28 MP: 1/15
  4386 | D:4      | Reached * piety under Vehumet
  4386 | D:4      | Offered knowledge of Kiss of Death by Vehumet.
  4389 | D:4      | Identified the +10 dagger of Siur {freeze, Fragile +Blink
                  | rPois rF++}
  4530 | D:4      | Reached skill level 6 in Spellcasting
  4635 | D:4      | Found an iron altar of Okawaru.
  4657 | D:4      | Noticed Eustachio
  4694 | D:4      | Killed Eustachio
  4695 | D:4      | Reached XP level 7. HP: 22/32 MP: 0/18
  5043 | D:5      | Entered Level 5 of the Dungeon
  5115 | D:5      | Reached skill level 7 in Spellcasting
  5115 | D:5      | Reached skill level 5 in Air Magic
  5260 | D:5      | Identified the +8 dagger of the Morning {pain, rN+ Str-3
                  | Dex+4 Stlth+}
  5346 | D:5      | Found a glowing drain.
  5350 | Sewer    | Entered a sewer
  5637 | Sewer    | Reached ** piety under Vehumet
  5661 | Sewer    | Offered knowledge of Poisonous Vapours by Vehumet.
  6056 | D:5      | Reached XP level 8. HP: 36/36 MP: 15/20
  6093 | D:5      | Reached skill level 8 in Spellcasting
  6177 | D:5      | Identified the ring of Fatigue {rPois EV+5 Dex+4}
  6343 | D:5      | Found a sparkling altar of Nemelex Xobeh.
  6507 | D:5      | Found a burning altar of Makhleb.
  6859 | D:6      | Reached skill level 9 in Spellcasting
  6863 | D:6      | Offered knowledge of Kindle Blastsparks by Vehumet.
  7172 | D:6      | Found a staircase to the Ecumenical Temple.
  7258 | D:6      | Found a blossoming altar of Fedhas.
  7382 | D:6      | Learned a level 4 spell: Airstrike
  7833 | D:7      | Noticed Pikel
  7836 | D:7      | Killed Pikel
  7837 | D:7      | Reached skill level 10 in Spellcasting
  7837 | D:7      | Reached XP level 9. HP: 39/39 MP: 10/24
  7917 | D:7      | Identified the +11 hand axe of Laceration {drain, rN+}
  7970 | D:7      | Reached *** piety under Vehumet
  7976 | D:7      | Learned a level 3 spell: Kindle Blastsparks
  8201 | D:7      | Found a glowing silver altar of Zin.
  8328 | D:7      | Noticed Prince Ribbit
  8342 | D:7      | Offered knowledge of Flame Wave by Vehumet.
  8348 | D:7      | Learned a level 4 spell: Flame Wave
  8354 | D:7      | Killed Prince Ribbit
  8848 | D:8      | Reached skill level 11 in Spellcasting
  9079 | D:8      | Noticed Maggie
  9138 | D:8      | Killed Maggie
  9194 | D:8      | Reached **** piety under Vehumet
  9457 | D:8      | Offered knowledge of Yara's Violent Unravelling by Vehumet.
  9464 | D:8      | Learned a level 5 spell: Yara's Violent Unravelling
  9476 | D:8      | Reached XP level 10. HP: 44/44 MP: 12/26
  9663 | D:8      | Learned a level 3 spell: Swiftness
  9669 | D:8      | Learned a level 5 spell: Irradiate
  9735 | D:8      | Found a hide-covered altar of Uskayaw.
  9752 | D:8      | You fall into a shaft and drop 2 floors!
  9752 | D:10     | Entered Level 10 of the Dungeon
  9856 | D:9      | Reached skill level 12 in Spellcasting
 10056 | D:9      | Found Vaalaar's Armour Boutique.
 10056 | D:9      | Found a staircase to the Orcish Mines.
 10056 | D:9      | Found Pucung's Weapon Boutique.
 10456 | D:9      | Noticed a two-headed ogre
 10462 | D:9      | Killed a two-headed ogre
 10463 | D:9      | Reached skill level 13 in Spellcasting
 10580 | D:9      | Reached ***** piety under Vehumet
 10606 | D:9      | Offered knowledge of Starburst by Vehumet.
 10675 | D:9      | Found a sacrificial altar of Ru.
 10896 | D:8      | Found Ycekud's Magic Scroll Boutique.
 10900 | D:8      | Bought a scroll of noise for 12 gold pieces
 10900 | D:8      | Bought a scroll of identify for 24 gold pieces
 11082 | D:9      | Noticed a sixfirhy
 11343 | D:9      | Found an ornate altar of the Wu Jian Council.
 11656 | D:10     | Found a snail-covered altar of Cheibriados.
 11679 | D:10     | Noticed a gargoyle
 11686 | D:10     | Killed a gargoyle
 11687 | D:10     | Reached skill level 10 in Air Magic
 11893 | D:10     | Reached XP level 11. HP: 47/47 MP: 1/29
 12107 | D:10     | Reached skill level 14 in Spellcasting
 13122 | D:11     | Noticed Josephine
 13126 | D:11     | Killed Josephine
 13350 | D:11     | Noticed Urug
 13366 | D:11     | Killed Urug
 13367 | D:11     | Reached skill level 15 in Spellcasting
 13474 | D:11     | Identified the +4 long sword "Esaah" {venom, Int+3}
 13697 | D:11     | Found a staircase to the Lair.
 14209 | D:12     | Noticed a red ugly thing
 14213 | D:12     | Killed a red ugly thing
 14443 | D:12     | HP: 2/47 [vampire mosquito (3)]
 14445 | D:12     | Mangled by a vampire mosquito

Illustrated notes

Levels and vault maps discovered:
D:1:      saegor_arrival_fortress, layout_basic,
          hellmonk_ecumenical_altar_dog_temple, minmay_hexomino_c4
D:2:      layout_basic, feat_on_display, uniq_crazy_yiuf_cottage
D:3:      layout_loops_ring, lemuel_round_altar, nicolae_overflow_hidden_temple,
          ebering_ghost_gozag, minmay_diced_spiral
D:4:      layout_rooms, amcnicky_altar_gilded, serial_curves, eino_curves_02,
          eino_curves_02, eino_curves_01, nicolae_kite_square_tiling_tiny,
          uniq_eustachio
D:5:      layout_rooms, makhleb_grotto_becter, general_overflow_altar,
          gup_sewer_entry_bowl
D:6:      layout_basic, fedhas_ov_isle_minmay, minmay_temple_entry_mist
D:7:      layout_basic, kennysheep_mini, serial_demonic, serial_demonic_c,
          serial_demonic_a, serial_demonic_c, serial_demonic_e,
          serial_demonic_a, uniq_pikel, uniq_prince_ribbit1
D:8:      layout_cave_pools, mainiacjoe_overflow_alcove_4, serial_gnoll_camp,
          gnoll_camp_mini_hut, gnoll_camp_mini_hut, gnoll_camp_mini_hut,
          gnoll_camp_mini_shop, uniq_maggie
D:9:      layout_basic, mainiacjoe_overflow_cross_hatched,
          kennysheep_little_box, orc_david_3, item_on_display_a
D:10:     layout_basic, slow_altar_1, serial_bayou_lake_a
D:11:     layout_long_grid, lair_entry_dummy, uniq_urug, uniq_josephine
D:12:     layout_big_octagon

Skill      XL: |  1  2  3  4  5  6  7  8  9 10 11 |
---------------+----------------------------------+-----
Spellcasting   | 3 4 5 6 7 10 11 13 15 | 15.7
Air Magic      | 3 4 5 7 8 10 11 | 11.5
Conjurations   | 1 2 4 |  4.7
Dodging        | 3 |  3.6
Fighting       | |  0.2
Stealth        | |  3.1

Action                     |  1- 3 |  4- 6 |  7- 9 | 10-12 || total
---------------------------+-------+-------+-------+-------++-------
  Melee: Dagger            |       |       |     3 |       ||     3
         Mace              |       |       |       |     3 ||     3
   Cast: Shock             |   100 |   171 |   322 |   156 ||   749
         Airstrike         |       |       |    34 |   120 ||   154
    Use: Scroll            |       |       |       |    12 ||    12
 Armour: Robe              |       |     2 |     2 |       ||     4
         Steam dragon scal |       |       |       |     6 ||     6
  Dodge: Dodged            |    24 |    27 |    59 |    35 ||   145
         Repelled          |       |     1 |     6 |       ||     7

Table legend: (Time is in decaauts)
 A = Elapsed time spent in this place.
 B = Non-inter-level travel time spent in this place.
 C = Inter-level travel time spent in this place.
 D = Time resting spent in this place.
 E = Time spent auto-exploring this place.
 F = Levels seen in this place.
 G = Mean time per level.
                   A        B        C        D        E       F      G
               +--------+--------+--------+--------+--------+-----+--------+
         Total |  11654 |  11500 |    154 |    407 |   9147 |  13 |  896.5 |
       Dungeon |  11046 |  10892 |    154 |    407 |   8676 |  12 |  920.5 |
         Sewer |    608 |    608 |      0 |      0 |    470 |   1 |  608.0 |
               +--------+--------+--------+--------+--------+-----+--------+

Top non-repeatable levels by time:
     D:1: 1514 daAuts
     D:9: 1335 daAuts
    D:10: 1228 daAuts
     D:3: 1010 daAuts
     D:7: 910 daAuts
     D:8: 875 daAuts
     D:6: 851 daAuts
    D:11: 788 daAuts
     D:2: 741 daAuts
     D:5: 723 daAuts
     D:4: 708 daAuts
   Sewer: 608 daAuts
    D:12: 357 daAuts
